[Event "Late-Titled-Tuesday-Blitz-August-29-2023"]
[Site "Chess.com"]
[Date "2023.08.29"]
[Round "5"]
[White "GianmarcoVaR"]
[Black "LeninGuerra"]
[Result "0-1"]
[WhiteElo "2722"]
[BlackElo "2554"]
[TimeControl "180+1"]
[EndTime "14:56:11 PDT"]
[Termination "LeninGuerra won on time"]

1. e4 c5 2. Nf3 e6 3. g3 b6 4. Bg2 Bb7 5. d3 d6 6. O-O Nd7 7. Re1 Qc7 8. b3 Ngf6 9. Bb2 Be7 10. c4 O-O 11. Nc3 a6 12. d4 cxd4 13. Nxd4 Rac8 14. Rc1 Qb8 15. Rc2 Rfd8 16. Rd2 Nf8 17. h3 Ng6 18. Nc2 h5 19. h4 Ne5 20. Nd4 Nc6 21. Nde2 Ne5 22. Nd4 Nc6 23. Nxc6 Bxc6 24. Nd5 Bxd5 25.
exd5 e5 26. Bh3 Rc7 27. Bxe5 dxe5 28. d6 Rxd6 29. Rxd6 Bxd6 30. Qxd6 e4 31. Bf5 Rc8 32. Qxb8 Rxb8 33. Bxe4 Rd8 34. Bd5 Kf8 35. Rd1 Re8 36.
Bf3 Re6 37. Rd8+ Ke7 38. Ra8 a5 39. Ra7+ Kf8 40. Kf1 g6 41. Rb7 Ne8 42. Bd5 Rf6 43. f4 Ng7 44. Rb8+ Ke7 45. Rb7+ Kf8 46. Kf2 Nf5 47. a3 Ne7 48. Be4 Re6 49. Kf3 Ke8 50.
Rb8+ Kd7 51. Rf8 Rf6 52. Ra8 Kc7 53. Ra7+ Kd8 54. Ra8+ Kc7 55. Ra7+ Kd8 56. b4 axb4 57. axb4 Nc8 58. Rb7 Nd6 59. Rxb6 Nxe4 60. Rb8+ Kc7 61.
Rf8 Nd6 62. c5 Nf5 63. Re8 Nd4+ 64. Ke4 Nc6 65. b5 Nd8 66. Re7+ Kc8 67. Ke5 Rf5+ 68. Kd6 Nb7+ 69. Rxb7 Kxb7 70. c6+ Kb6 0-1

[Event "Late-Titled-Tuesday-Blitz-August-29-2023"]
[Site "Chess.com"]
[Date "2023.08.29"]
[Round "5"]
[White "LastGladiator1"]
[Black "FairChess_on_YouTube"]
[Result "0-1"]
[WhiteElo "2900"]
[BlackElo "3069"]
[TimeControl "180+1"]
[EndTime "14:56:12 PDT"]
[Termination "FairChess_on_YouTube won by checkmate"]

1. d4 Nf6 2. c4 e6 3. Nf3 b6 4.
g3 Bb7 5. Bg2 Bb4+ 6. Nbd2 O-O 7. O-O a5 8. Qc2 Bxd2 9. Bxd2 Be4 10. Qd1 d6 11. Re1 Nbd7 12. Bc3 Qb8 13. Bh3 b5 14. b3 a4 15. Nd2 b4 16. Bb2 Bg6 17. f3 c5 18. d5 e5 19. e4 Qb7 20. Nf1 Ra5 21. Ne3 Rfa8 22. Rb1 axb3 23. axb3 Ra2 24. Re2 Bh5 25. Qf1 Nf8 26. Nf5 Qc7 27. Rd1 h6 28.
Rdd2 Qd8 29. Bg2 Bg6 30. Ne3 N8h7 31. h4 Nh5 32. Qe1 N7f6 33. Kh2 Bh7 34. Bh3 Bxe4 35.
fxe4 Nxe4 36. Nf5 Nxd2 37. Qxd2 Nf6 38. g4 Nh7 39. Kg3 Nf8 40. Qe3 Ng6 41. Rf2 Nf4 42.
Bf1 Rxb2 43. Rxb2 Ra1 44. Rf2 Rb1 45. Kf3 Qf6 46. Kg3 Kh7 47. Bg2 g6 48. Nxh6 Nxg2 49.
Rxg2 e4 50. g5 Qe5+ 51. Kg4 Rf1 52. h5 f5+ 53. gxf6 Rxf6 54. Kh3 Qxh5+ 55. Kg3 Rf3+ 56.
Qxf3 Qxf3+ 57. Kh2 Kxh6 58. Rg3 Qf4 59. Kh1 Qf1+ 60.
Kh2 Qf2+ 61. Kh1 Qf3+ 62. Kh2 Qxg3+ 63. Kh1 Qf3+ 64. Kh2 Kg5 65. Kg1 Kf4 66. Kh2 Qe2+ 67. Kh3 Qf3+ 68. Kh4 Qg4# 0-1

[Event "Late-Titled-Tuesday-Blitz-August-29-2023"]
[Site "Chess.com"]
[Date "2023.08.29"]
[Round "5"]
[White "adiosabu"]
[Black "el_sporco"]
[Result "1-0"]
[WhiteElo "2602"]
[BlackElo "2428"]
[TimeControl "180+1"]
[EndTime "14:56:17 PDT"]
[Termination "adiosabu won by resignation"]

1. d4 Nf6 2. Nf3 e6 3. Bf4 d6 4. e3 Be7 5. h3 O-O 6. Nbd2 b6 7.
Bd3 Bb7 8. O-O Nbd7 9. Re1 Re8 10. b4 Bf8 11. b5 e5 12. Bg5 e4 13. Bf1 exf3 14. gxf3 d5 15. f4 Be7 16. Bd3 Ne4 17.
Bxe4 dxe4 18. Qg4 Bxg5 19. fxg5 Nf8 20. h4 Qd7 21. Qxd7 Nxd7 22. c4 a6 23. Rec1 Ra7 24. a4 Rea8 25. Rab1 Nf8 26. d5 axb5 27. axb5 Ng6 28. h5 Ne5 29. Nxe4 Ra4 30. Nd2 Ra2 31. Ne4 R8a4 32. Nc3 Kf8 33. Nxa4 Rxa4 34. c5 Bxd5 35. cxb6 cxb6 36. Rc8+ Ke7 37. f4 Ng4 38.
Rbc1 Be6 39. R8c7+ Bd7 40. Rd1 Ke8 41. Rdxd7 Ra1+ 42. Kg2 Nxe3+ 43. Kf3 Nf5 44. Rd5 Ra3+ 45. Kf2 g6 46.
hxg6 hxg6 47. Rb7 Ra2+ 48. Ke1 Ra1+ 49. Kd2 Ra2+ 50. Kc3 Ra3+ 51. Kb4 Rf3 52. Re5+ Kf8 53. Re4 Nd6 54. Rb8+ Kg7 55. Rd4 Nf5 56. Rc4 Ne3 57. Rcc8 Nd5+ 58. Kc4 Ne7 59. Re8 Rxf4+ 60. Kd3 Rf5 61.
Rxe7 Rxb5 62. Reb7 Rd5+ 63. Ke4 Rxg5 64. Rxb6 Rg4+ 65. Kf3 Rg5 66. R8b7 Rf5+ 67. Ke4 Kh6 68. Rc6 Kg5 69. Rcc7 f6 70. Rf7 Rf4+ 71. Ke3 f5 72. Ke2 Kg4 73. Rb3 g5 74. Rf6 Re4+ 75. Kd3 Rf4 76.
Ke2 Re4+ 77. Kf2 Rf4+ 78. Kg2 Rd4 79. Rg3+ Kf4 80. Rf3+ Kg4 81. R6xf5 Rd3 82. Rxd3 1-0

[Event "Late-Titled-Tuesday-Blitz-August-29-2023"]
[Site "Chess.com"]
[Date "2023.08.29"]
[Round "5"]
[White "ZuraTqebuchava"]
[Black "Onthequiet"]
[Result "0-1"]
[WhiteElo "2154"]
[BlackElo "2376"]
[TimeControl "180+1"]
[EndTime "14:56:18 PDT"]
[Termination "Onthequiet won on time"]

1. e4 c6 2. d4 d5 3. exd5 cxd5 4. h3 Nf6 5. Bd3 Nc6 6. c3 g6 7.
Nf3 Bg7 8. O-O O-O 9. Re1 Bf5 10. Bxf5 gxf5 11. Bf4 e6 12. Ne5 Rc8 13. Nxc6 Rxc6 14.
Be5 Ne4 15. Bxg7 Kxg7 16. Nd2 Kh8 17. Nxe4 fxe4 18. Qh5 f5 19. f3 Qf6 20. fxe4 dxe4 21.
Rf1 Qg6 22. Qxg6 hxg6 23. Rf4 Kg7 24. h4 Kh6 25. Kf2 b5 26. a3 a5 27. Rc1 Rd8 28. Ke3 b4 29. axb4 axb4 30. c4 e5 31. dxe5 Rd3+ 32.
Ke2 Rc5 33. e6 Rd6 34. Rff1 Rxe6 35. Rfd1 Kh5 36. b3 Ra5 37. Rd2 Kxh4 38. c5 Rc6 39. Rdc2 Kg3 40. Ke3 Ra3 41. Kd4 Rxb3 42. Kd5 Rc8 43. c6 Rd3+ 44. Ke6 b3 45. Rb2 f4 46. c7 e3 47. Kf6 Rd6+ 48. Ke7 Rd2 49.
Rxb3 g5 50. Rb8 Rxc7+ 51. Rxc7 Rxg2 52. Rb3 Rd2 53. Kf6 g4 54. Kf5 Rd5+ 55. Ke4 Rd8 56. Rg7 Re8+ 57. Kf5 Kf2 58. Kxg4 f3 59. Rf7 Rg8+ 60.
Kh3 Rh8+ 61. Kg4 Rg8+ 62. Kf4 Rh8 63. Ke4 Rh3 64. Kd3 e2 65. Rb2 Rg3 66. Rxf3+ Rxf3+ 67. Kd2 Rg3 68. Kc1 Kf1 0-1

[Event "Late-Titled-Tuesday-Blitz-August-29-2023"]
[Site "Chess.com"]
[Date "2023.08.29"]
[Round "5"]
[White "Athanasios2"]
[Black "Njal28"]
[Result "1-0"]
[WhiteElo "2731"]
[BlackElo "3003"]
[TimeControl "180+1"]
[EndTime "14:56:19 PDT"]
[Termination "Athanasios2 won on time"]

1. Nf3 g6 2. c4 Bg7 3. g3 b6 4.
Bg2 Bb7 5. O-O Nf6 6. Nc3 O-O 7. b3 e6 8. Bb2 d6 9. d4 Ne4 10. Rc1 Nd7 11. e3 Qe7 12. Qc2 f5 13. Rfd1 Nxc3 14. Bxc3 Be4 15. Qe2 Nf6 16. Nd2 Bxg2 17. Kxg2 Qf7 18. f4 d5 19. Bb4 Rfd8 20. Rc2 Rac8 21.
c5 c6 22. Rdc1 b5 23. a4 Rb8 24. Ba5 Rd7 25. Qd3 Rdb7 26. axb5 Rxb5 27. Bc3 Ne4 28. Ra2 Nxd2 29. Qxd2 Rxb3 30. Rca1 R8b7 31. Ra6 Qd7 32. R1a2 Rb1 33. Qc2 h6 34. Qa4 R1b3 35. Bd2 R3b5 36. Qc2 Kh7 37. Qd1 Qf7 38. Rxc6 g5 39. Rca6 gxf4 40.
gxf4 Qg6+ 41. Kf2 Rb1 42. Bc1 Bf6 43. c6 Bh4+ 44. Kf1 Rc7 45. Rxa7 Bd8 46. Rxc7+ Bxc7 47. Ra7 Qg7 48. Qc2 Rb8 49. Qg2 Qf7 50. Bd2 Rg8 51. Qf3 Qg7 52. Qf2 Rf8 53. Bb4 Rf7 54. Qg2 Qh8 55. Bd6 Qb8 56. Rb7 Qa8 57. Rxc7 Qa1+ 58. Kf2 Qa2+ 59. Kg3 Rg7+ 60. Rxg7+ Kxg7 61. c7 Qc4 62. Be5+ Kg6 63. Kf3+ Kf7 64. Qg7+ Ke8 65. Qg8+ Ke7 66.
Qd8+ Kf7 67. Qf6+ Ke8 68. Qxe6+ Kf8 69. c8=Q+ Qxc8 70. Qxc8+ Kf7 71. Qxf5+ Kg8 72. Qg6+ 1-0

[Event "Late-Titled-Tuesday-Blitz-August-29-2023"]
[Site "Chess.com"]
[Date "2023.08.29"]
[Round "5"]
[White "slidingknight2775"]
[Black "ShrookWafa"]
[Result "1/2-1/2"]
[WhiteElo "2534"]
[BlackElo "2422"]
[TimeControl "180+1"]
[EndTime "14:56:22 PDT"]
[Termination "Game drawn by stalemate"]

1. d4 d5 2. Nf3 Nf6 3. c4 c6 4. g3 Bf5 5. Nc3 dxc4 6. Bg2 e6 7. Ne5 Bb4 8. Nxc4 O-O 9. O-O Nbd7 10. a3 Bxc3 11.
bxc3 Nb6 12. Ne5 Nbd5 13. Qe1 Bg6 14. c4 Nb6 15. Bb2 Na4 16. Qb4 Nxb2 17. Qxb2 Rb8 18.
e3 Be4 19. Qb4 Bxg2 20. Kxg2 Qc7 21. Rab1 Ne4 22. Rfc1 c5 23. Qb5 cxd4 24. exd4 Rfd8 25. Nf3 b6 26. a4 h6 27. Qb2 Qb7 28. h4 Rbc8 29. Qe2 Nd6 30. c5 Nf5 31. Kg1 Nxd4 32.
Nxd4 Rxd4 33. cxb6 Rxc1+ 34. Rxc1 axb6 35. Qb5 Rd8 36. Rb1 Qf3 37. Qxb6 Rd2 38. a5 Ra2 39. a6 Qa3 40. a7 Qxa7 41. Qxa7 Rxa7 42. Kg2 Kh7 43. Rb6 h5 44. Rb5 Kg6 45. Rb6 Ra3 46. Rc6 Kf6 47. Rb6 g5 48. hxg5+ Kxg5 49. Rb5+ f5 50.
Re5 Ra6 51. Rb5 h4 52. gxh4+ Kxh4 53. Kf3 Ra4 54. Rb6 Re4 55. Rb8 Kg5 56. Rf8 Ra4 57.
Kg2 Ra3 58. Rf7 Kf4 59. Rf6 e5 60. Rh6 e4 61. Rh4+ Kg5 62. Rh8 Ra2 63. Kf1 Kf4 64.
Rh4+ Ke5 65. Rh8 Rb2 66. Re8+ Kf4 67. Rh8 e3 68. fxe3+ Kxe3 69. Rh3+ Ke4 70. Rh8 Ra2 71. Rh3 Rd2 72. Rb3 Rd3 73. Rxd3 Kxd3 74. Kf2 Ke4 75. Ke2 Kf4 76. Kf2 Kg4 77. Kg2 f4 78. Kf2 f3 79. Kf1 Kg3 80. Kg1 f2+ 81. Kf1 Kf3 1/2-1/2

[Event "Late-Titled-Tuesday-Blitz-August-29-2023"]
[Site "Chess.com"]
[Date "2023.08.29"]
[Round "5"]
[White "effefe"]
[Black "egnfanclub"]
[Result "0-1"]
[WhiteElo "2411"]
[BlackElo "2312"]
[TimeControl "180+1"]
[EndTime "14:56:24 PDT"]
[Termination "egnfanclub won by checkmate"]

1. d4 d5 2. c4 c6 3. Nc3 Nf6 4. Nf3 e6 5. e3 Nbd7 6. Qc2 Bd6 7. b3 O-O 8. Be2 e5 9. cxd5 cxd5 10.
Nb5 Bb8 11. Ba3 Re8 12. Rc1 Qa5+ 13. b4 Qb6 14. Nc7 Bxc7 15. Qxc7 exd4 16. Nxd4 Ne5 17. O-O Nc6 18. Qxb6 axb6 19. Nb5 Re7 20. Rc2 Ne4 21.
Rfc1 f5 22. Bd3 Be6 23. f3 Nf6 24. Kf2 Nd7 25. Rc3 Nde5 26. Nd4 Nxd4 27. exd4 Nc4 28. Bxc4 dxc4 29. b5 Rd7 30. Rd1 Kf7 31. Rd2 Ra5 32. Bc1 Rxb5 33. Re3 Rbd5 34. Rde2 R5d6 35. Bb2 b5 36. Bc3 Bd5 37. Re5 g6 38. Bb4 Re6 39.
a3 Rxe5 40. Rxe5 Be6 41. Rxb5 Rd5 42. Rxb7+ Rd7 43. Rb5 Rd5 44. Rb6 Rd7 45. Rc6 Rxd4 46. Rc7+ Rd7 47. Rc5 Ra7 48. Kg3 Rd7 49. Kf4 Bd5 50. Ke5 Be6 51. Rc6 Rd5+ 52. Kf4 Rd7 53. h3 h6 54. g4 g5+ 55. Kg3 f4+ 56. Kf2 Rd3 57. Ke2 Rb3 58. Rc7+ Kf6 59. Rc6 Ke5 60.
Rc7 Bd5 61. Re7+ Kd4 62. Rd7 Re3+ 63. Kf2 Rxf3+ 64. Ke2 Rd3 65. Rd6 Ke4 66. Rxh6 f3+ 67. Kf2 Rb3 68. Rh7 Kd4 69. Rd7 Rb2+ 70. Kg3 f2 71. Bc5+ Kxc5 72. Rc7+ Kd4 73. Re7 f1=Q 74.
h4 Qg2# 0-1

[Event "Late-Titled-Tuesday-Blitz-August-29-2023"]
[Site "Chess.com"]
[Date "2023.08.29"]
[Round "5"]
[White "djano"]
[Black "alexrustemov"]
[Result "0-1"]
[WhiteElo "2574"]
[BlackElo "2875"]
[TimeControl "180+1"]
[EndTime "14:56:29 PDT"]
[Termination "alexrustemov won by resignation"]

1. e4 e6 2. d4 d5 3. Bd3 dxe4 4. Bxe4 Nf6 5. Bf3 Be7 6. Ne2 O-O 7. O-O Nbd7 8. Bf4 Bd6 9. Nbc3 Bxf4 10. Nxf4 e5 11.
dxe5 Nxe5 12. Re1 Qxd1 13. Bxd1 Ng6 14. Nxg6 hxg6 15. Bf3 c6 16. Re7 Rb8 17. Ne4 Nd5 18. Re5 f6 19. Rxd5 cxd5 20. Nc5 Rd8 21. Rd1 b6 22. Nb3 Rb7 23. Nd4 Rc7 24. c3 a6 25.
g4 g5 26. Kg2 Kf8 27. Kg3 Rd6 28. Be2 Re7 29. Bd3 Kf7 30. Bf5 Bb7 31. Bd3 g6 32. a4 Bc8 33. h3 Bd7 34. Ra1 a5 35. Bc2 Re8 36. Bb3 Kg7 37. Rd1 f5 38. Rd2 Kf6 39. Nc2 Be6 40. Nd4 Bf7 41. Nb5 Rd7 42. Nd4 Re1 43. Bc2 f4+ 44. Kg2 Ra1 45. Bb3 Be8 46. Nf3 Rd6 47. Nd4 Bxa4 48. Nc2 Bxb3 49. Nxa1 Ba4 50. b3 Bd7 51. Nc2 b5 52. Nd4 a4 53. b4 Ra6 54. Ra2 Ra7 55. Ra3 Rc7 56. Kf3 Ke5 57. Ke2 Rc8 58. Kf3 Rh8 59. Kg2 Ke4 60. Nf3 Kd3 61. Nxg5 Kc2 62. c4 Kb2 63.
Rd3 a3 64. cxb5 a2 65. Rd2+ Kb3 66. Rd1 Ra8 67. b6 Rb8 68. b7 Rxb7 69. Kf3 Rxb4 70. h4 Ra4 71. h5 gxh5 72. gxh5 a1=Q 73. Rxa1 Rxa1 74. Kxf4 Rh1 75. Nf3 Rxh5 76. Nd4+ Kc4 77. Nf3 d4 78. Ne5+ Rxe5 79. Kxe5 d3 0-1

[Event "Late-Titled-Tuesday-Blitz-August-29-2023"]
[Site "Chess.com"]
[Date "2023.08.29"]
[Round "5"]
[White "XiaoKangZhong"]
[Black "GreatOwl02"]
[Result "1-0"]
[WhiteElo "2554"]
[BlackElo "2398"]
[TimeControl "180+1"]
[EndTime "14:56:29 PDT"]
[Termination "XiaoKangZhong won by resignation"]

1. e4 e5 2. Bc4 Nf6 3. d4 exd4 4.
e5 d5 5. Bb3 Ne4 6. Nf3 Bc5 7.
O-O O-O 8. Nxd4 Re8 9. Nf3 c6 10.
h3 Nd7 11. Bf4 Nf8 12. c4 Ng6 13. Bh2 Be6 14. cxd5 Bxd5 15. Bxd5 Qxd5 16. Qc2 Bb6 17. Nc3 Nxc3 18. Qxc3 Rad8 19. Rad1 Qxd1 20. Rxd1 Rxd1+ 21. Ne1 Red8 22. Kf1 R8d5 23. Ke2 h6 24. f4 Ne7 25.
Qc2 R1d4 26. Nf3 Rb4 27. a3 Rc5 28. Qd2 Rbc4 29. Ne1 Rd5 30. Nd3 Rcd4 31. b4 Rxd3 32. Qxd3 Rxd3 33. Kxd3 Nd5 34. f5 Kf8 35. g4 Ke7 36.
Bg3 f6 37. Ke4 fxe5 38. Bxe5 Nf6+ 39. Kf3 a6 40. h4 a5 41. g5 axb4 42. gxf6+ gxf6 43. Bb2 bxa3 44. Bxa3+ Kf7 45. h5 Bc7 46. Bc1 Be5 47.
Bxh6 b5 48. Ke4 c5 49. Be3 c4 50. Kd5 c3 51. Bc1 c2 52. Kc5 Ke7 53. Kxb5 Bg3 54. Kc4 Kf7 55. Kd3 Kg8 56. Kxc2 Kh7 57. Kd3 Be5 58. Ke4 Ba1 59. Kd5 Bc3 60. Ke6 Be5 61. Be3 Bc3 62. Bf4 Bb2 63. Kf7 Bc3 64. Be3 Be5 65. Ke6 Bc3 66. Kd5 Be5 67. Ke4 Ba1 68. Kf3 Be5 69. Kg4 Bc3 70. Bf4 Bb2 71. Bd6 Bc3 72.
Bf8 Bd4 73. Kf4 Be5+ 74. Ke4 Bc3 75. h6 Bb2 76. Kd5 Be5 77. Ke6 Bd4 78. Bg7 Bc3 79. Bxf6 Bb4 80. Bg7 Ba3 81. f6 Bb4 82. f7 Ba3 83.
f8=Q Bxf8 84. Bxf8 Kg8 85. Bg7 Kh7 86. Kf5 Kg8 87. Kg5 Kh7 88. Ba1 Kg8 89. Kg6 1-0

[Event "Late-Titled-Tuesday-Blitz-August-29-2023"]
[Site "Chess.com"]
[Date "2023.08.29"]
[Round "5"]
[White "JoakimVonAnd"]
[Black "Beca95"]
[Result "1/2-1/2"]
[WhiteElo "2737"]
[BlackElo "2952"]
[TimeControl "180+1"]
[EndTime "14:56:44 PDT"]
[Termination "Game drawn - insufficient material"]

1. d4 Nf6 2. c4 e6 3. Bf4 c5 4. d5 exd5 5. cxd5 d6 6. Nc3 g6 7.
Nf3 Bg7 8. h3 O-O 9. e3 Ne8 10.
Be2 Nd7 11. O-O Ne5 12. Bxe5 Bxe5 13. Nxe5 dxe5 14. Qb3 Nd6 15. Nb5 Nxb5 16. Bxb5 Qd6 17. Rac1 a6 18. Be2 b6 19. a4 Bd7 20. Qc2 Rfc8 21.
b3 h5 22. e4 b5 23. axb5 axb5 24. Ra1 Rxa1 25. Rxa1 c4 26. bxc4 bxc4 27. Qc3 f6 28. Ra7 Be8 29. Bxc4 Qc5 30. d6+ Qxc4 31. Qxc4+ Rxc4 32. d7 Bxd7 33. Rxd7 Rxe4 34. g3 Rd4 35. Ra7 Kf8 36.
h4 Rd6 37. Kg2 Re6 38. Rb7 Re7 39. Rb6 Kf7 40. Ra6 Kg7 41. Rb6 Rd7 42. Ra6 Kf7 43.
Rb6 Ke7 44. Ra6 Rd6 45. Ra7+ Ke6 46. Rg7 Kf5 47. Ra7 Rd2 48. Ra4 Rc2 49. Ra5 Rb2 50. Ra4 Rd2 51. Ra5 Rd4 52. Rb5 Rd6 53. Ra5 Ke6 54. Rb5 Rd5 55. Rb6+ Kf5 56. Rb4 e4 57. Rb7 Kg4 58. Rg7 g5 59. hxg5 Rxg5 60. Re7 f5 61. Rh7 Rg6 62. Ra7 h4 63. gxh4 Kxh4+ 64. Kf1 Kg4 65.
Ra3 Kf4 66. Rb3 Rd6 67. Ke2 Ra6 68. Rb5 Ra2+ 69. Kf1 Rc2 70. Ke1 Kg4 71. Ra5 Rb2 72. Rc5 f4 73. Rc3 f3 74. Rc8 Rb1+ 75. Kd2 Rf1 76. Rg8+ Kf5 77. Rf8+ Kg6 78. Ke3 Re1+ 79. Kf4 Re2 80. Re8 Rxf2 81. Rxe4 Rf1 82. Re3 f2 83. Kf3 Re1 84. Kxf2 Rxe3 85. Kxe3 1/2-1/2

[Event "Late-Titled-Tuesday-Blitz-August-29-2023"]
[Site "Chess.com"]
[Date "2023.08.29"]
[Round "5"]
[White "ShiroglanTalibov"]
[Black "Kacparov"]
[Result "1/2-1/2"]
[WhiteElo "2850"]
[BlackElo "2923"]
[TimeControl "180+1"]
[EndTime "14:56:52 PDT"]
[Termination "Game drawn - insufficient material"]

1. e4 c5 2. Nf3 e6 3. d4 cxd4 4. Nxd4 a6 5. Bd3 Nf6 6. O-O d6 7. c4 Nbd7 8. Nc3 g6 9. b3 Bg7 10. Bb2 O-O 11. Rc1 b6 12. Bb1 Bb7 13. Qe2 Re8 14. Rcd1 Qc7 15. f4 e5 16. fxe5 Nxe5 17. Nf3 Nxf3+ 18. Qxf3 b5 19. cxb5 axb5 20. Nxb5 Qc5+ 21.
Bd4 Qxb5 22. Bxf6 Qc5+ 23. Kh1 Bxf6 24. Qxf6 Rf8 25. Qxd6 Qe3 26. Qd2 Qb6 27. Qd4 Qa5 28. Qd2 Qb6 29. Qf2 Qb4 30. Rd4 Qe7 31. Bd3 Kg7 32. Bc4 Bxe4 33. Re1 f5 34. Red1 Bc6 35. Rd6 Rac8 36. a4 h5 37. h4 Rf6 38. Qd4 Qxd6 39. Qxd6 Rxd6 40. Rxd6 Bxa4 41. Kh2 Bc6 42.
Kg3 Be4 43. Kf4 Rf8 44. g3 Kh6 45. b4 Bg2 46. b5 Re8 47. Be6 Ra8 48. Bxf5 Ra4+ 49.
Ke3 Kg7 50. Bxg6 Rb4 51. b6 Rb3+ 52. Kf2 Ba8 53. Bxh5 Rb2+ 54. Ke3 Rb3+ 55. Kf4 Rb4+ 56. Ke3 Rb3+ 57. Kf2 Rb2+ 58. Be2 Kf7 59. h5 Ke7 60. Rg6 Be4 61. Rg5 Kf6 62. Rg8 Bd3 63. Re8 Bxe2 64.
Rxe2 Rxb6 65. g4 Kg5 66. Re4 Rb3 67. Kg2 Ra3 68. Rc4 Rb3 69. Rd4 Ra3 70. Re4 Rb3 71.
Kf2 Ra3 72. Re3 Ra8 73. Kg3 Ra5 74. Rf3 Rb5 75. Rd3 Ra5 76. Kf3 Rb5 77. Rd4 Ra5 78.
Rd3 Rb5 79. Rc3 Ra5 80. Rb3 Rc5 81. Ra3 Rb5 82. Ra8 Rb3+ 83. Kg2 Kxg4 84. h6 Rb2+ 85. Kf1 Rh2 86. Rh8 Kg5 87. h7 Kg6 88. Kg1 Rxh7 89. Rxh7 Kxh7 1/2-1/2

[Event "Late-Titled-Tuesday-Blitz-August-29-2023"]
[Site "Chess.com"]
[Date "2023.08.29"]
[Round "5"]
[White "Ramosha"]
[Black "TigrVShlyape"]
[Result "1-0"]
[WhiteElo "2631"]
[BlackElo "2864"]
[TimeControl "180+1"]
[EndTime "14:57:02 PDT"]
[Termination "Ramosha won on time"]

1. e4 c5 2. Nf3 e6 3. d3 Nc6 4. Nbd2 g6 5. g3 Bg7 6. Bg2 Nge7 7. O-O O-O 8. Re1 d6 9. c3 b5 10. a4 b4 11. Qc2 Rb8 12. Nc4 d5 13. exd5 Nxd5 14.
Nfe5 Nxe5 15. Nxe5 Bb7 16. Bd2 Qc7 17. Nc4 Rbd8 18. Re2 bxc3 19. bxc3 Ne7 20. Bf4 Qd7 21.
Bxb7 Qxb7 22. Bd6 Rc8 23. Qb2 Qxb2 24. Rxb2 Rfe8 25. Rb7 Nd5 26. Rxa7 Bxc3 27. Rb1 Bb4 28. a5 Ra8 29. Rxa8 Rxa8 30. Ra1 Ra6 31. Be5 f6 32. Bb2 Kf7 33. f4 Ke7 34. Kg2 Kd7 35. Kf3 Kc6 36. Ba3 Bc3 37. Rc1 Bxa5 38. Bxc5 Bc3 39. Bf2 Kd7 40. Ne3 Nxe3 41. Bxe3 Bb4 42. Rb1 Bd6 43. h3 Bc7 44. Rb2 Ra3 45. Ke2 h5 46.
g4 hxg4 47. hxg4 Ra1 48. Kf3 Rd1 49. Ke2 Rh1 50. Rb4 Rh3 51. Ra4 Rg3 52. g5 fxg5 53. fxg5 Bd8 54. Ra7+ Ke8 55. Ra8 Kd7 56. Ra7+ Ke8 57.
Bf4 Rg1 58. Be3 Rg4 59. Kf3 Rh4 60. Rg7 Rh3+ 61. Ke2 Rh2+ 62. Kf1 Rh3 63. Kf2 Rh2+ 64. Kg3 Rh5 65. Rxg6 Kf7 66. Rh6 Rxh6 67. gxh6 Kg6 68. Kf3 Be7 69. Ke4 Bd6 70. Bf4 Bb4 71. Ke5 Kf7 72. h7 Kg7 73. Kxe6 Kxh7 74. d4 Kg6 75. d5 Ba3 76. Bd6 Bc1 77. Be7 Bf4 78. Bf6 Bb8 79. Be5 Ba7 80. d6 Bb6 81. d7 Kg5 82. Kd6 Kf5 83. Kc6 Ke6 84. Bc7 1-0

[Event "Late-Titled-Tuesday-Blitz-August-29-2023"]
[Site "Chess.com"]
[Date "2023.08.29"]
[Round "5"]
[White "Orest_Vovk"]
[Black "Karacsonyi_Gellert"]
[Result "1/2-1/2"]
[WhiteElo "2593"]
[BlackElo "2838"]
[TimeControl "180+1"]
[EndTime "14:57:44 PDT"]
[Termination "Game drawn by 50-move rule"]

1. e4 c5 2. Nf3 Nc6 3. Bb5 g6 4. Bxc6 dxc6 5. O-O Bg7 6. d3 Nf6 7. h3 Nd7 8. a4 e5 9. Na3 Qe7 10.
Nc4 f6 11. Be3 Nf8 12. Qd2 Ne6 13. Bh6 O-O 14. Bxg7 Kxg7 15. g3 g5 16. a5 Qf7 17.
Kg2 Qh5 18. Rh1 Bd7 19. Nd6 Rab8 20. Nf5+ Kh8 21. h4 g4 22. Nh2 Nd4 23. Nxd4 cxd4 24.
Rhf1 c5 25. f4 gxf3+ 26. Rxf3 Rg8 27. Kh1 Rg6 28. Raf1 Rbg8 29. Qf2 Bh3 30. Rg1 Qh6 31. b3 Bd7 32. Rf1 Bh3 33. Rg1 Qg7 34. h5 Rg5 35. Rxf6 Rxh5 36. Rf7 Qh6 37. Qf6+ Qxf6 38. Rxf6 Kg7 39.
Rf2 Be6 40. g4 Rh6 41. Rg3 Kh8 42. Kg2 Rhg6 43. Kh3 h5 44. Kg2 Bxg4 45. Nxg4 Rxg4 46. Rxg4 Rxg4+ 47. Kh3 Rf4 48. Rg2 Kh7 49. Rg5 Rf2 50. Rxh5+ Kg6 51. Rxe5 Rxc2 52. Re7 Rc3 53. Rxb7 Rxd3+ 54. Kg2 Re3 55. Rxa7 Rxb3 56. Rc7 Rb5 57. a6 Ra5 58. a7 d3 59. Rxc5 Rxa7 60. Rd5 Ra3 61. Kf2 Kf6 62. Ke3 d2+ 63. Kxd2 Rh3 64. Ke2 Ke6 65.
Kd2 Rh2+ 66. Kd3 Rh3+ 67. Kd4 Rh1 68. Ra5 Rd1+ 69. Ke3 Rc1 70. Ra6+ Ke5 71. Ra5+ Ke6 72. Rh5 Re1+ 73. Kd3 Rd1+ 74. Ke2 Ra1 75. Kf2 Ra3 76. Rg5 Rb3 77. Ra5 Rc3 78. Ke2 Rh3 79. Kf2 Rb3 80. Ke2 Rh3 81. Rd5 Ra3 82. Rd3 Ra1 83. Ke3 Re1+ 84.
Kd4 Ra1 85. Rc3 Ra4+ 86. Ke3 Ra1 87. Rc5 Rh1 88. Ra5 Rg1 89. Kf2 Rb1 90. Kf3 Rf1+ 91.
Ke2 Rb1 92. Rc5 Rb2+ 93. Ke3 Rb1 94. Kf4 Rf1+ 95. Ke3 Rh1 96. Kf3 Rh3+ 97. Kg4 Rh1 98. Ra5 Rg1+ 99. Kf3 Rf1+ 100. Ke2 Rh1 101. Kd3 Rd1+ 102. Kc3 Rh1 103. Kd4 Rd1+ 104. Ke3 Rg1 105. Ke2 Rb1 106. Kd2 Rb2+ 107. Kd3 Rh2 108. Rb5 Rh1 109. Kd2 Rh3 110. Ke2 Rg3 111. Rd5 Ra3 112. Rd3 Ra4 113. Kf3 1/2-1/2

[Event "Late-Titled-Tuesday-Blitz-August-29-2023"]
[Site "Chess.com"]
[Date "2023.08.29"]
[Round "5"]
[White "tarno17"]
[Black "kiwibobo"]
[Result "1/2-1/2"]
[WhiteElo "2184"]
[BlackElo "2372"]
[TimeControl "180+1"]
[EndTime "14:57:59 PDT"]
[Termination "Game drawn by repetition"]

1. e4 e5 2. Nf3 Nc6 3. Bb5 a6 4. Ba4 Nf6 5. O-O b5 6. Bb3 Bc5 7. c3 d6 8. d4 Bb6 9. dxe5 Nxe5 10. Nxe5 dxe5 11. Qxd8+ Kxd8 12. Bg5 Ke7 13. Nd2 h6 14. Bxf6+ Kxf6 15. Nf3 Bb7 16. Bc2 Rad8 17. Rad1 g5 18. h3 h5 19. Nh2 Kg7 20. Kh1 f6 21. f3 Kf7 22. Bb3+ Ke7 23. g3 h4 24. Kg2 hxg3 25. Kxg3 Be3 26. Ng4 Bf4+ 27. Kg2 Rdf8 28. Rd3 Rd8 29. Rfd1 Rxd3 30. Rxd3 Rd8 31. Rxd8 Kxd8 32.
Nxf6 Ke7 33. Nd5+ Bxd5 34. Bxd5 Kd6 35. Kf2 c6 36. Bg8 Kc5 37. b3 Bd2 38. c4 b4 39.
Ke2 Bf4 40. Kd3 a5 41. Be6 Bg3 42. Bd7 Bh4 43. Be8 Bf2 44. Bd7 Kb6 45. Be8 Kc7 46. Bf7 Kd6 47. Bg6 Ke7 48. Bf5 Kd6 49. Bg4 Ke7 50. Bf5 Kf6 51. Bg4 Kg6 52. Be6 Kh5 53.
Bd7 c5 54. Bg4+ Kh4 55. Ke2 Kg3 56. Bf5 Bg1 57. Bg4 Kf4 58. Bf5 Bd4 59. Be6 Kg3 60. Bg4 Kh4 61. Bf5 Kh5 62. Bg4+ Kh6 63. Kf1 Kg7 64. Kg2 Kf8 65. Kg3 Ke7 66. Bf5 Kf6 67. Kg4 Be3 68. h4 gxh4 69. Kxh4 Bf4 70. Kg4 Ke7 71. Kh3 Kd6 72. Bg6 Kc7 73. Kg4 Kb6 74.
Be8 Be3 75. Kf5 Bf4 76. Ke6 Bg3 77. Kf5 Bf4 78. Ke6 Kb7 79. Kd5 Kb6 80. Bd7 Bg3 81. Ke6 Bf4 82. Kf5 Kc7 83. Bb5 Kd6 84. Be8 Ke7 85. Bc6 Kf7 86. Kg4 Kg6 87. Bd5 Kf6 88. Bc6 Bd2 89. Bd5 Be3 90. Bc6 Bd4 91. f4 exf4 92. Kxf4 Be5+ 93. Ke3 Ke6 94. Kd3 Kd6 95.
Bd5 Bd4 96. Ke2 Ke5 97. Kf3 Bc3 98. Bc6 Bd2 99. Ke2 Bf4 100. Kd3 Bg3 101. Bd5 Bh4 102.
Bf7 Bf6 103. Bd5 Kf4 104. Bf7 Be5 105. Bd5 Kf3 106. Bf7 Kf2 107. Bd5 Ke1 108. Kc2 Ke2 109. Bc6 Ke3 110. Bd5 Kd4 111. Bc6 Bf4 112. Bd5 Bd6 113. Bc6 Be5 114. Bd5 Bd6 115. Bc6 Be7 116. Bd5 Bf8 117. Bc6 Bh6 118. Bd5 Ke3 119. e5 Bg5 120. e6 Be7 121. Bc6 Kd4 122. Bd7 Ke5 123. Kd3 Kf4 124. Bc6 Bd6 125. Be8 Be7 126. Bf7 Bf6 127. Bg8 Kf3 128. Bf7 Kf4 129. Be8 Ke5 130. Bd7 Kd6 131. Ke4 Be7 132. Kf5 Bd8 133. Kg6 Ke7 134. Kf5 Kd6 135. Bc8 Be7 136. Bd7 Bf8 137. Kg6 Be7 138. Kf7 Bd8 139. Be8 Bh4 140. Bb5 Bg5 141. Bd7 Be7 142. Bb5 Bd8 143. Bd7 Bh4 144. Bb5 Bg5 145. Bd7 Be7 146. Ke8 Bf6 147. Bb5 Be7 148. Bd7 Bh4 149.
Kf7 Bg5 150. Bb5 Bd8 151. Bd7 Be7 1/2-1/2

[Event "Late-Titled-Tuesday-Blitz-August-29-2023"]
[Site "Chess.com"]
[Date "2023.08.29"]
[Round "6"]
[White "kinga2008"]
[Black "HamedWafa4"]
[Result "0-1"]
[WhiteElo "2405"]
[BlackElo "2566"]
[TimeControl "180+1"]
[EndTime "15:00:07 PDT"]
[Termination "HamedWafa4 won by resignation"]

1. e4 e5 2. Nf3 Nc6 3. d4 exd4 4.
Bc4 Nf6 5. O-O Nxe4 6. Re1 d5 7. Bxd5 Qxd5 8. Nc3 Qa5 9. Nxe4 Be6 10. Neg5 O-O-O 11.
Nxe6 fxe6 12. Rxe6 Bd6 13. Bg5 Rde8 14. Qe2 Ne5 15. Nxd4 Rxe6 16. Nxe6 Re8 17. Nxg7 Nf3+ 0-1

[Event "Late-Titled-Tuesday-Blitz-August-29-2023"]
[Site "Chess.com"]
[Date "2023.08.29"]
[Round "6"]
[White "FeketeBarika"]
[Black "DawidCzerw"]
[Result "0-1"]
[WhiteElo "2356"]
[BlackElo "2483"]
[TimeControl "180+1"]
[EndTime "15:00:20 PDT"]
[Termination "DawidCzerw won by resignation"]

1. Nf3 c5 2. c4 Nc6 3. Nc3 g6 4. d4 cxd4 5. Nxd4 Nf6 6. e4 d6 7.
Be2 Nxd4 8. Qxd4 Bg7 9. Qd1 O-O 10. O-O Be6 11. b3 Nxe4 12. Nxe4 Bxa1 13. Bh6 Bg7 14. Bxg7 Kxg7 15. Qd4+ f6 16. Ng5 Bg8 17. Bg4 e5 18. Qe4 fxg5 19. Qxb7+ Rf7 20. Qe4 Rb8 21. Rd1 Qb6 22. Bf3 Rf4 23. Qe2 Be6 24. Kh1 g4 25.
Bd5 Bxd5 26. Rxd5 Qxf2 0-1